 Dungeon Crawl Stone Soup version 0.26-a0-774-g1415c89e12 (webtiles) character file.

Game seed: 14451868807020944400

71 Kinoniko the Skirmisher (level 4, 0/50 HPs)
             Began as an Ogre Fighter on Nov 9, 2020.
             Slain by a goblin (1 damage)
             ... led by Robin
             ... on level 2 of the Dungeon.
             The game lasted 00:01:38 (1034 turns).

Kinoniko the Skirmisher (Ogre Fighter)              Turns: 1034, Time: 00:01:39

Health: 0/50       AC:  3    Str: 20    XL:     4   Next: 24%
Magic:  4/4        EV:  8    Int:  9    God:
Gold:   36         SH:  8    Dex:  9    Spells: 3/3 levels left

rFire    . . .     SeeInvis .   a - +0 trident
rCold    . . .     Faith    .   c - +0 kite shield
rNeg     . . .     Spirit   .   b - +0 robe
rPois    .         Reflect  .   (helmet restricted)
rElec    .         Harm     .   (no cloak)
rCorr    .         Rampage  .   (gloves unavailable)
MR       .....                  (boots unavailable)
Stlth    +.........             (no amulet)
HPRegen  0.16/turn              (no ring)
MPRegen  0.09/turn              (no ring)

@: mighty, lethally poisoned (0 -> -3), berserk cooldown, attractive, slowed,
very slow
A: large, unfitting armour, tough skin 1
a: no special abilities


You were on level 2 of the Dungeon.
You visited 1 branch of the dungeon, and saw 2 of its levels.

You collected 36 gold pieces.

Inventory:

Hand Weapons
 a - a +0 trident (weapon)
Armour
 b - a +0 robe (worn)
 c - a +0 kite shield (worn)
Jewellery
 i - a +6 ring of intelligence {unknown}
Scrolls
 e - a scroll of fear {unknown}
 h - a scroll of random uselessness {unknown}
 m - a scroll of identify {unknown}


   Skills:
 * Level 5.1 Fighting
 * Level 3.1 Polearms
 - Level 2.8 Dodging
 + Level 3.1 Shields


You had 3 spell levels left.
You didn't know any spells.
Your spell library was empty.

Dungeon Overview and Level Annotations

Branches:
Dungeon (2/15)

Altars:


Innate Abilities, Weirdness & Mutations

You are too large for most types of armour.
You have tough skin. (AC +1)


Message History

The adder poisons you! The goblin is pulled toward you!
You feel sick. The hobgoblin hits you with a +0 club.
The goblin barely misses you. The hobgoblin is pulled toward you!
You feel sick. You block the hobgoblin's attack.
The hobgoblin hits you with a +0 club.
* * * LOW HITPOINT WARNING * * *
You impale the hobgoblin!!
You kill the hobgoblin!
The goblin is pulled toward you!
You feel sick. You block the goblin's attack.
You closely miss the goblin.
You feel sick. You block the goblin's attack. The goblin hits you.
* * * LOW HITPOINT WARNING * * *
You barely miss the goblin.
* * * LOW HITPOINT WARNING * * *
You feel sick. You block the goblin's attack. The goblin hits you.
* * * LOW HITPOINT WARNING * * *
You closely miss the goblin.
* * * LOW HITPOINT WARNING * * *
You feel sick. The goblin hits you.
You die...

#.# #.# # ##.###. ##..##!.
##..###(# #...# #.# ...
##).####.# #
....##.<.)<...##.##.......g
........#####@...##........
.....>...####g#####..gS.>..
.####..#....)S# #.^gg....
#.######†)#####........ #.
#...).##......[. #.
#.###.(......... #. #..#
##.(.†...... #.##
##.....#.## .. ...###.....


You could see an adder and a goblin (strong).

Vanquished Creatures
  Robin (D:2)
  An adder (D:2)
  2 dart slugs (D:1)
  A leopard gecko (D:1)
  4 giant cockroaches
  13 goblins
  5 hobgoblins
  3 kobolds
  A quokka (D:2)
  A ball python (D:1)
  3 bats
  A frilled lizard (D:1)
  6 rats
42 creatures vanquished.

Notes
Turn   | Place    | Note
-------+----------+-------------------------------------------
     0 | D:1      | Kinoniko the Ogre Fighter began the quest for the Orb.
     0 | D:1      | Reached XP level 1. HP: 24/24 MP: 1/1
   166 | D:1      | Reached XP level 2. HP: 28/32 MP: 2/2
   507 | D:1      | Reached XP level 3. HP: 40/40 MP: 3/3
  1003 | D:2      | Noticed Robin
  1018 | D:2      | Reached skill level 5 in Fighting
  1020 | D:2      | Reached XP level 4. HP: 50/50 MP: 4/4
  1028 | D:2      | Killed Robin
  1033 | D:2      | HP: 2/50 [goblin[Robin] (2)]
  1034 | D:2      | Slain by a goblin

Illustrated notes

Levels and vault maps discovered:
D:1:      nicolae_arrival_memento_mori, layout_rooms, hangedman_decor_slide_cut
D:2:      layout_rooms, uniq_natasha, uniq_crazy_yiuf_cottage, uniq_robin

Skill      XL: |  1  2  3 |
---------------+----------+-----
Shields        | 3 |  3.1
Fighting       | 5 |  5.1
Polearms       | 3 |  3.1
Dodging        | |  2.8

Action                   |  1- 3 |  4- 6 || total
-------------------------+-------+-------++-------
Melee: Trident           |   118 |    11 ||   129
  Use: Potion            |     6 |       ||     6
 Stab: Sleeping          |     1 |       ||     1
Armor: Robe              |    34 |     2 ||    36
Dodge: Dodged            |    36 |    11 ||    47
Block: Kite shield       |    47 |    11 ||    58

Table legend: (Time is in decaauts)
 A = Elapsed time spent in this place.
 B = Non-inter-level travel time spent in this place.
 C = Inter-level travel time spent in this place.
 D = Time resting spent in this place.
 E = Time spent auto-exploring this place.
 F = Levels seen in this place.
 G = Mean time per level.
                   A        B        C        D        E       F      G
               +--------+--------+--------+--------+--------+-----+--------+
         Total |   1065 |   1038 |     27 |    170 |    623 |   2 |  532.5 |
       Dungeon |   1065 |   1038 |     27 |    170 |    623 |   2 |  532.5 |
               +--------+--------+--------+--------+--------+-----+--------+

Top non-repeatable levels by time:
     D:1: 738 daAuts
     D:2: 327 daAuts
